 Dungeon Crawl Stone Soup version 0.27-a0-1202-ge72e49191c (webtiles) character file.

Game seed: 14041994803565941260

17883 freelancePsychic the Protected (level 12, -4/72 HPs)
             Began as a Gargoyle Conjurer on June 3, 2021.
             Was a High Priest of Cheibriados.
             Slain by a very large slime creature (44 damage)
             ... on level 12 of the Dungeon.
             The game lasted 00:37:10 (17221 turns).

freelancePsychic the Protected (Gargoyle Conjurer) Turns: 17221, Time: 00:37:10

Health: -4/72      AC: 44    Str: 23    XL:     12   Next: 52%
Magic:  1/21       EV:  5    Int: 40    God:    Cheibriados [*****.]
Gold:   200        SH:  0    Dex: 19    Spells: 15/23 levels left

rFire    + . .     SeeInvis .   I - +5 trident of the Sugar Beet {vamp, Int+6}
rCold    + . .     Faith    +   (no shield)
rNeg     + . .     Spirit   .   J - +7 gold dragon scales
rPois    ∞         Reflect  .   (no helmet)
rElec    +         Harm     .   g - +1 cloak
rCorr    .         Rampage  .   t - +1 pair of gloves
Will     .....                  p - +0 pair of boots
Stlth    ..........             q - amulet of faith
HPRegen  0.22/turn              H - +4 ring of protection
MPRegen  0.17/turn              (no ring)

@: very slightly contaminated, very slow
A: sickness immunity, AC +8, negative energy resistance 1, electricity
resistance, torment resistance 1, petrification resistance
a: Renounce Religion, Bend Time, Temporal Distortion, Slouch, Step From Time


You were on level 12 of the Dungeon.
You worshipped Cheibriados.
Cheibriados was extremely pleased with you.
You visited 2 branches of the dungeon, and saw 13 of its levels.
You also visited: Bailey.

You collected 861 gold pieces.
You spent 661 gold pieces at shops.

Inventory:

Hand Weapons
 I - the +5 trident of the Sugar Beet (weapon) {vamp, Int+6}
   (You bought it in a shop on level 1 of the Dungeon)

   It inflicts no extra harm, but heals its wielder when it wounds a living foe.
   It affects your intelligence (+6).
Missiles
 i - 2 throwing nets
 m - a curare-tipped dart
Armour
 a - a +0 robe
 c - a +0 kite shield
 g - a +1 cloak (worn)
 j - a +0 plate armour
 p - a +0 pair of boots (worn)
 t - a +1 pair of gloves (worn)
 D - +0 steam dragon scales
 F - +0 acid dragon scales
 J - +7 gold dragon scales (worn)
Jewellery
 h - a ring of protection from fire
 q - an amulet of faith (around neck)
 B - a ring of positive energy
 G - the amulet of the Air {Inacc Fly rElec EV+5 RMsl}
   (You took it off an orc knight in a bailey)

   [amulet of nothing]

   It affects your evasion (+5).
   It insulates you from electricity.
   It grants you flight.
   It protects you from missiles.
 H - a +4 ring of protection (left hand)
Wands
 b - a wand of charming (11)
 s - a wand of iceblast (15)
 v - a wand of paralysis (33)
 z - a wand of flame (28)
 K - a wand of acid (7)
Scrolls
 d - 6 scrolls of teleportation {@r4}
 o - 2 scrolls of holy word
 r - 2 scrolls of silence
 x - 4 scrolls of amnesia
 A - a scroll of vulnerability
 C - 2 scrolls of enchant weapon
 M - a scroll of fog
 N - a scroll of summoning
Potions
 e - 3 potions of might
 k - 2 potions of cancellation
 l - 3 potions of flight
 n - 3 potions of curing {@q1}
 u - 2 potions of heal wounds {unknown}
 w - a potion of magic {unknown}
 E - a potion of lignification {unknown}
 L - a potion of brilliance {unknown}


   Skills:
 - Level 7.2 Fighting
 - Level 6.6 Polearms
 - Level 11.9 Armour
 - Level 1.5 Dodging
 - Level 2.1 Stealth
 - Level 6.0 Spellcasting
 + Level 7.3 Conjurations
 + Level 10.1 Earth Magic
 - Level 8.0 Invocations


You had 15 spell levels left.
You knew the following spells:

 Your Spells              Type           Power      Damage    Failure   Level
a - Magic Dart            Conj           100%       1d8       6%          1
b - Searing Ray           Conj           100%       3d7       10%         2
c - Stone Arrow           Conj/Erth      100%       3d13      11%         3
d - Passwall              Tmut/Erth      42%        N/A       24%         2

Your spell library contained the following spells:

 Spells                   Type           Power      Damage    Failure   Level
 Sandblast                Erth           100%       2d20      1%          1
 Lee's Rapid Deconstruct  Erth           37%        3d20*     50%         5
 Dazzling Flash           Conj/Hex       82%        N/A       63%         3
 Animate Skeleton         Necr           24%        N/A       77%         1
 Beastly Appendage        Tmut           24%        N/A       77%         1
 Pain                     Necr           48%        1d6       77%         1
 Sting                    Tmut/Pois      48%        1d5       77%         1
 Mephitic Cloud           Conj/Pois/Air  31%        N/A       80%         3
 Petrify                  Tmut/Erth      51%        N/A       85%         4
 Poisonous Vapours        Pois/Air       24%        N/A       88%         2
 Wereblood                Tmut           12%        N/A       88%         2
 Fulminant Prism          Conj/Hex       20%        3d13      95%         4
 Iskenderun's Mystic Bla  Conj/Tloc      41%        2d9       95%         4
 Confusing Touch          Hex            12%        N/A       98%         3
 Gell's Gravitas          Tloc           6%         N/A       98%         3
 Ignite Poison            Fire/Tmut/Pois 12%        N/A       98%         3
 Spider Form              Tmut/Pois      6%         N/A       98%         3
 Vampiric Draining        Necr           6%         2d6       98%         3
 Animate Dead             Necr           6%         N/A       100%        4
 Cause Fear               Hex            6%         N/A       100%        4
 Ice Form                 Ice/Tmut       12%        N/A       100%        4
 Olgreb's Toxic Radiance  Pois           12%        N/A       100%        4
 Agony                    Necr           12%        N/A       100%        5
 Hydra Form               Tmut           6%         N/A       100%        5
 Metabolic Englaciation   Hex/Ice        6%         N/A       100%        5
 Silence                  Hex/Air        6%         N/A       100%        5
 Yara's Violent Unravell  Hex/Tmut       6%         3d5       100%        5
 Discord                  Hex            6%         N/A       100%        8


Dungeon Overview and Level Annotations

Branches:
Dungeon (12/15)            Temple (1/1) D:6            Lair (0/6) D:8
 Bailey (visited)
    Orc: D:9-12

Altars:
Ashenzari
Cheibriados
Dithmenos
Elyvilon
Fedhas
Gozag
Hepliaklqana
Kikubaaqudgha
Makhleb
Nemelex Xobeh
Okawaru
Qazlal
Ru
Sif Muna
Trog
Uskayaw
Vehumet
Wu Jian
Xom
Yredelemnul
Zin
The Shining One

Shops:
D:1 (   D:9 *

Annotations:
D:10 exclusion: tengu warrior


Innate Abilities, Weirdness & Mutations

You are immune to sickness and miasma.
Your stone body is resilient. (AC +8)
You are immune to poison.
You resist negative energy. (rN+)
You are resistant to electric shocks. (rElec)
You are resistant to unholy torment.
You are immune to petrification.


Message History

The slime creature is almost dead.
The killer bee buzzes angrily.
Two slime creatures merge to form a large slime creature.
Something hits you but does no damage. Something bites you but does no damage.
A large slime creature splits.
The slime creature hits you but does no damage.
Casting: Stone Arrow (dangerous; 11% risk of failure)
Confirm with . or Enter, or press ? or * to list all spells.
Aiming: Stone Arrow (dangerous; 11% risk of failure)
Press: ? - help, Shift-Dir - straight line The stone arrow hits something!!
Two slime creatures merge to form a very large slime creature.
Something hits you! Something bites you but does no damage.
The slime creature hits you but does no damage. x3
The flow of time bends around you.
Cheibriados rebukes the very large slime creature.
The very large slime creature seems to slow down.
Cheibriados rebukes the slime creature.
The slime creature seems to slow down.
The slime creature resists with some effort.
Cheibriados rebukes the slime creature.
The slime creature seems to slow down.
Cheibriados rebukes something.
Something hits you but does no damage. Something bites you but does no damage.
The slime creature hits you but does no damage.
The slime creature hits you.
The very large slime creature barely misses you.
You hit the slime creature.
You feel better.
The slime creature is lightly wounded.
The killer bee stings you.
The killer bee stings you but does no damage.
The slime creature hits you.
The slime creature hits you but does no damage.
You hit the slime creature but do no damage.
The killer bee stings you but does no damage. x2
Something hits you but does no damage. Something bites you but does no damage.
The slime creature hits you but does no damage.
The very large slime creature hits you!!!
Ouch! That really hurt!
You die...

................
...............#
..............).#
V...............#
................#
...........$....#
................#
.........J{J....#
!$......)J@J....##
........)y.........
.........[.........
................###
................#
................#
......>.........#
..................
........<...(.....


You could see a very large slime creature (slow), 3 slime creatures and a killer
bee.

Vanquished Creatures
  A boulder beetle (D:11)
  5 two-headed ogres
  A centaur warrior (D:10)
  Pikel (D:9)
  4 orc knights (Bailey)
  2 cyclopes (D:11)
  A gargoyle (D:11)
  2 unseen horrors (D:11)
  Maggie (D:9)
  4 trolls
  A hornet (D:9)
  A shadow (D:11)
  5 yaks (D:8)
  3 wyverns
  A vampire (D:11)
  A wraith (D:9)
  A basilisk (D:8)
  2 steam dragons
  Eustachio (D:5)
  3 vampire mosquitoes (D:11)
  5 water moccasins
  5 orc warriors
  A sky beast (D:6)
  2 black bears
  An ice beast (D:6)
  A hornet zombie (D:6)
  5 ogres
  A necrophage (D:5)
  4 centaurs
  A lemure (D:8)
  2 kobold brigands (D:8)
  2 scorpions
  A bullfrog (D:7)
  20 killer bees
  A howler monkey (D:11)
  2 bullfrog zombies (D:6)
  7 centaur zombies
  5 orc priests
  A hound (D:6)
  5 iguanas
  2 bullfrog skeletons
  A gnoll shaman (D:5)
  Natasha (D:1)
  7 orc wizards
  A killer bee zombie (D:6)
  A hound zombie (D:5)
  A howler monkey zombie (D:9)
  5 gnolls
  3 adders
  A shadow imp (D:4)
  2 white imps
  An ufetubus (D:5)
  A worm (D:2)
  38 orcs
  2 endoplasms
  8 giant cockroaches (D:1)
  7 hobgoblins
  4 jackals
  9 kobolds
  3 quokkas
  9 ball pythons
  A ball python zombie (D:3)
  4 bats
  4 frilled lizards
  12 goblins
  4 rats
245 creatures vanquished.

Vanquished Creatures (others)
  A bush (D:8)
  12 fungi
  25 plants
38 creatures vanquished.

Grand Total: 283 creatures vanquished

Notes
Turn   | Place    | Note
-------+----------+-------------------------------------------
     0 | D:1      | freelancePsychic the Gargoyle Conjurer began the quest for
                  | the Orb.
     0 | D:1      | Reached XP level 1. HP: 10/10 MP: 3/3
   307 | D:1      | Reached XP level 2. HP: 16/16 MP: 1/5
   439 | D:1      | Reached skill level 1 in Fighting
   469 | D:1      | Learned a level 2 spell: Searing Ray
   528 | D:1      | Found Tajyu's Weapon Shop.
  1435 | D:1      | Found a bloodstained altar of Trog.
  1487 | D:2      | Found an iron altar of Okawaru.
  1522 | D:2      | Reached XP level 3. HP: 20/20 MP: 3/6
  1811 | D:2      | Reached skill level 5 in Conjurations
  2034 | D:2      | Noticed Natasha
  2137 | D:1      | Killed Natasha
  2138 | D:1      | Reached XP level 4. HP: 3/26 MP: 3/8
  2893 | D:3      | Reached XP level 5. HP: 29/32 MP: 1/9
  3029 | D:3      | Found a faded altar of an unknown god.
  3787 | D:4      | Noticed an ogre
  3794 | D:4      | Killed an ogre
  3795 | D:4      | Reached XP level 6. HP: 28/38 MP: 1/10
  3909 | D:4      | Noticed a water moccasin
  3932 | D:4      | Killed a water moccasin
  4371 | D:4      | Reached XP level 7. HP: 44/44 MP: 7/11
  4379 | D:4      | Reached skill level 5 in Fighting
  4833 | D:5      | Entered Level 5 of the Dungeon
  4870 | D:5      | Noticed Eustachio
  4878 | D:5      | Killed Eustachio
  4943 | D:4      | Learned a level 3 spell: Stone Arrow
  5231 | D:5      | Reached XP level 8. HP: 51/51 MP: 7/12
  5240 | D:5      | Reached skill level 5 in Earth Magic
  6260 | D:6      | Found a staircase to the Ecumenical Temple.
  6272 | Temple   | Entered the Ecumenical Temple
  6474 | Temple   | Became a worshipper of Cheibriados the Contemplative
  6549 | D:6      | Reached skill level 1 in Invocations
  6793 | D:6      | Found a blossoming altar of Fedhas.
  6855 | D:6      | Reached XP level 9. HP: 55/55 MP: 8/13
  7082 | D:6      | Learned a level 2 spell: Passwall
  7705 | D:6      | Found a hide-covered altar of Uskayaw.
  7810 | D:6      | Reached skill level 1 in Armour
  7999 | D:6      | Reached * piety under Cheibriados
  8160 | D:7      | Found a basalt altar of Yredelemnul.
  8671 | D:7      | Reached skill level 2 in Armour
  8884 | D:8      | Reached skill level 5 in Invocations
  8991 | D:8      | Found an iron altar of Okawaru.
  9248 | D:8      | Reached skill level 3 in Armour
  9876 | D:8      | Reached skill level 4 in Armour
  9904 | D:8      | Reached XP level 10. HP: 25/60 MP: 5/16
  9906 | D:8      | Reached skill level 5 in Armour
 10176 | D:8      | Found a staircase to the Lair.
 10438 | D:8      | Reached ** piety under Cheibriados
 10788 | D:8      | Reached skill level 5 in Spellcasting
 11293 | D:9      | Noticed Pikel
 11293 | D:9      | Noticed Maggie
 11414 | D:9      | Reached skill level 6 in Armour
 11462 | D:9      | Reached *** piety under Cheibriados
 11647 | D:9      | Found Dewaisi's General Store.
 11723 | D:9      | Killed Maggie
 11862 | D:9      | Killed Pikel
 11863 | D:9      | Reached skill level 7 in Armour
 12072 | D:9      | Reached XP level 11. HP: 64/64 MP: 10/20
 12462 | D:10     | Entered Level 10 of the Dungeon
 12591 | D:10     | Noticed a centaur warrior
 12596 | D:10     | Killed a centaur warrior
 12597 | D:10     | Reached skill level 8 in Armour
 12807 | D:10     | Noticed a two-headed ogre
 12815 | D:10     | Killed a two-headed ogre
 13179 | D:10     | Noticed a tengu warrior
 13461 | D:1      | Bought the +5 trident of the Sugar Beet {vamp, Int+6} for
                  | 661 gold pieces
 13757 | D:11     | Found a flagged portal.
 13764 | D:11     | Reached **** piety under Cheibriados
 13770 | D:11     | Reached skill level 1 in Polearms
 13789 | Bailey   | Entered a bailey
 13925 | Bailey   | Reached skill level 9 in Armour
 14089 | Bailey   | Noticed an orc knight
 14252 | Bailey   | Noticed an orc knight
 14252 | Bailey   | Noticed an orc knight
 14254 | Bailey   | Noticed an orc knight
 14257 | Bailey   | Killed an orc knight
 14564 | Bailey   | Killed an orc knight
 14829 | Bailey   | Killed an orc knight
 14934 | Bailey   | Killed an orc knight
 15051 | Bailey   | Identified the +7 tower shield "Zusteine" {Rampage rCorr
                  | Str-5 Dex+5}
 15276 | D:11     | Noticed a boulder beetle
 15279 | D:11     | Noticed a cyclops
 15577 | D:11     | Killed a boulder beetle
 15578 | D:11     | Reached skill level 10 in Armour
 16174 | D:11     | Noticed a two-headed ogre
 16176 | D:11     | Noticed a cyclops
 16179 | D:11     | Killed a two-headed ogre
 16197 | D:11     | Killed a cyclops
 16207 | D:11     | Reached skill level 5 in Polearms
 16207 | D:11     | Reached XP level 12. HP: 56/72 MP: 14/21
 16223 | D:11     | Reached ***** piety under Cheibriados
 16255 | D:11     | Reached skill level 11 in Armour
 16390 | D:11     | Noticed a two-headed ogre
 16457 | D:11     | Killed a two-headed ogre
 16995 | D:12     | Noticed a two-headed ogre
 16997 | D:12     | Noticed a two-headed ogre
 17010 | D:12     | Killed a two-headed ogre
 17016 | D:12     | Killed a two-headed ogre
 17017 | D:12     | Reached skill level 10 in Earth Magic
 17221 | D:12     | Slain by a very large slime creature

Illustrated notes

Levels and vault maps discovered:
D:1:      dpeg_arrival_water_altar, layout_loops_ring, serial_forest,
          infiniplex_forest_clump_long, infiniplex_forest_end_2,
          infiniplex_forest_straight_4, infiniplex_forest_clump_tiny,
          infiniplex_forest_lined_3, infiniplex_forest_corner_1, serial_shops,
          shop, grunt_decor_cap, minmay_worlds_worst_comb
D:2:      minmay_recursive_quarters, layout_loops_ring, basic_altar,
          uniq_natasha
D:3:      layout_rooms, hellmonk_ecumenical_altar_run_dry, amethyst_killhole,
          hangedman_abyss_or_decor_lesser_grid, serial_bayou_pond_b,
          minmay_hedge_maze, hex_large
D:4:      layout_basic, chequers_serial_rivers_micro_c,
          minmay_a_box_with_orc_wizards_in_it
D:5:      layout_cave_pools, hangedman_abyss_or_decor_stabs, uniq_eustachio
D:6:      layout_loops_cross, lemuel_crystal_altar, fedhas_altar_3,
          minmay_temple_entry_gardened_gates, minmay_misc_feat_columns
D:7:      layout_loops_cross, amcnicky_altar_gilded
D:8:      layout_cave_pods, kennysheep_mini_moat, minmay_lair_entry_grove,
          eino_jars
D:9:      layout_rooms, serial_shops, shop_statue, uniq_pikel, uniq_maggie
D:10:     layout_loops_cross
D:11:     minmay_bubble_buster, layout_basic, enter_bailey_5, evilmike_butchery
D:12:     layout_small_grid, orc_0_dummy
Temple:   regret_index_temple_mists

Skill      XL: |  1  2  3  4  5  6  7  8  9 10 11 12 |
---------------+-------------------------------------+-----
Fighting       | 1 2 3 4 5 6 7 |  7.2
Conjurations   | 5 6 7 |  7.3
Spellcasting   | 3 4 6 |  6.0
Earth Magic    | 4 8 9 10 | 10.1
Invocations    | 3 6 8 |  8.0
Armour         | 4 7 10 11 | 11.9
Polearms       | 5 6 |  6.6
Dodging        | |  1.5
Stealth        | |  2.1

Action                   |  1- 3 |  4- 6 |  7- 9 | 10-12 || total
-------------------------+-------+-------+-------+-------++-------
Melee: Unarmed           |    47 |       |       |       ||    47
       Rapier            |    28 |    92 |    15 |    27 ||   162
       Trident           |       |       |       |   203 ||   203
 Cast: Magic Dart        |    34 |     1 |     3 |     1 ||    39
       Searing Ray       |    10 |    12 |    57 |    34 ||   113
       Stone Arrow       |       |       |    28 |   101 ||   129
       Passwall          |       |       |       |     2 ||     2
Invok: Bend Time         |       |       |     2 |     4 ||     6
       Temporal Distorti |       |       |       |     1 ||     1
  Use: Scroll            |     1 |     4 |    11 |    15 ||    31
       Potion            |       |       |     1 |       ||     1
 Stab: Distracted        |     1 |       |       |       ||     1
       Sleeping          |       |     3 |     1 |     3 ||     7
Armor: Robe              |    39 |    65 |    56 |    25 ||   185
       Steam dragon scal |       |       |       |    20 ||    20
       Acid dragon scale |       |       |       |   210 ||   210
       Plate armour      |       |       |       |    59 ||    59
       Gold dragon scale |       |       |       |   163 ||   163
Dodge: Dodged            |    59 |    73 |    71 |   242 ||   445

Table legend: (Time is in decaauts)
 A = Elapsed time spent in this place.
 B = Non-inter-level travel time spent in this place.
 C = Inter-level travel time spent in this place.
 D = Time resting spent in this place.
 E = Time spent auto-exploring this place.
 F = Levels seen in this place.
 G = Mean time per level.
                   A        B        C        D        E       F      G
               +--------+--------+--------+--------+--------+-----+--------+
         Total |  20094 |  18588 |   1506 |   2526 |  13534 |  14 | 1435.3 |
       Dungeon |  17971 |  16528 |   1443 |   1975 |  12353 |  12 | 1497.6 |
        Temple |    474 |    411 |     63 |    111 |    244 |   1 |  474.0 |
        Bailey |   1649 |   1649 |      0 |    440 |    935 |   1 | 1649.0 |
               +--------+--------+--------+--------+--------+-----+--------+

Top non-repeatable levels by time:
     D:8: 2923 daAuts
    D:11: 2836 daAuts
     D:1: 2016 daAuts
     D:6: 1817 daAuts
  Bailey: 1649 daAuts
     D:4: 1565 daAuts
     D:9: 1478 daAuts
     D:2: 1230 daAuts
    D:10: 1167 daAuts
     D:5: 1121 daAuts
     D:7: 935 daAuts
     D:3: 779 daAuts
  Temple: 474 daAuts
    D:12: 98 daAuts
